 Dungeon Crawl Stone Soup version 0.31-a0-177-g4aa6249778 (webtiles) character file.

Game seed: 17916830482858006556

113 qw the Shooter (level 4, -4/42 HPs)
             Began as a Naga Hunter on June 18, 2023.
             Slain by a hobgoblin
             ... wielding the +2 dagger of the Burning God {protect, rPois rN+ Str-3}
              (7 damage)
             ... on level 3 of the Dungeon.
             The game lasted 00:00:43 (2059 turns).

qw the Shooter (Naga Hunter)                        Turns: 2059, Time: 00:00:44

Health: -4/42      AC:  5    Str: 13    XL:     4   Next: 96%
Magic:  4/4        EV:  8    Int:  9    God:
Gold:   105        SH:  0    Dex: 17    Spells: 3/3 levels left

rFire   . . .        Y - +0 shortbow
rCold   . . .        (shield currently unavailable)
rNeg    . . .        k - +2 ring mail {Will+}
rPois   +            (no helmet)
rElec   .            (no cloak)
rCorr   .            (no gloves)
SInv    +            (no barding)
Will    +....        (no amulet)
Stlth   +            (no ring)
HPRegen 0.27/turn    (no ring)
MPRegen 0.09/turn

%: no passive effects
@: short of breath, very slow
A: AC +1, large, see invisible, deformed body, poison resistance, slowness 2,
spit poison 1, naga tail 1
a: Spit Poison


You were on level 3 of the Dungeon.
You visited 1 branch of the dungeon, and saw 3 of its levels.

You collected 105 gold pieces.


Innate Abilities, Weirdness & Mutations

Your serpentine skin is tough. (AC +1)
You have supernaturally acute eyesight. (SInv)
Armour fits poorly on your strangely shaped body.
Your system is resistant to poisons. (rPois)
You cover ground very slowly.
You can spit poison.
You have a snake-like lower body.


   Skills:
 - Level 3.2 Fighting
 + Level 5.0 Ranged Weapons
 - Level 1.5 Dodging
 - Level 1.5 Stealth


You had 3 spell levels left.
You didn't know any spells.
Your spell library was empty.

Inventory:

Hand Weapons
 Y - a +0 shortbow (weapon)
Armour
 c - the +0 ring mail of Noughts and Crosses {Drain Str+2 Int+3 Dex+2}
   (You found it on level 3 of the Dungeon)

   Str:       It affects your strength (+2).
   Int:       It affects your intelligence (+3).
   Dex:       It affects your dexterity (+2).
   Drain:     It drains your maximum health when unequipped.
 g - a +0 pair of gloves
 k - a +2 ring mail of willpower (worn)
Scrolls
 h - a scroll of identify {unknown}
Potions
 a - a potion of ambrosia {unknown}
 b - a potion of haste
 d - a potion of attraction {unknown}
 e - a potion of resistance {unknown}
 f - a potion of might {unknown}
 j - a potion of brilliance {unknown}

Dungeon Overview and Level Annotations

Branches:
Dungeon (3/15)

Altars:
The Shining One


Message History

You shoot an arrow.
The arrow hits the hobgoblin but does no damage.
You have got your breath back.
You feel sick.
The hobgoblin hits you but does no damage.
2053 ||| INVOKING Spit Poison.
Aiming: Spit Poison (1% risk of failure)
Press: ? - help, Shift-Dir - straight line, f/p - hobgoblin The splash of poison reflects off an invisible shield around the hobgoblin!
The splash of poison misses you.
You feel sick. The hobgoblin completely misses you.
You shoot an arrow. The arrow barely misses the hobgoblin.
The arrow closely misses the orc priest.
You feel sick.
You are no longer poisoned.
The hobgoblin hits you with the +2 dagger of the Burning God {protect, rPois rN+ Str-3}.
You shoot an arrow.
The hobgoblin blocks the arrow with an invisible shield... and reflects it back!
The arrow hits you but does no damage. The hobgoblin completely misses you.
The hobgoblin closely misses you.
You shoot an arrow.
The hobgoblin blocks the arrow with an invisible shield... and reflects it back!
The arrow hits you but does no damage.
The hobgoblin hits you with the +2 dagger of the Burning God {protect, rPois rN+ Str-3}.
You shoot an arrow. The arrow closely misses the hobgoblin.
The arrow hits the orc priest!
The orc priest is almost dead.
The hobgoblin hits you with the +2 dagger of the Burning God {protect, rPois rN+ Str-3}.
You shoot an arrow.
The hobgoblin blocks the arrow with an invisible shield... and reflects it back!
The arrow hits you but does no damage.
You have got your breath back.
The hobgoblin hits you with the +2 dagger of the Burning God {protect, rPois rN+ Str-3}.
2059 ||| INVOKING Spit Poison.
Aiming: Spit Poison (1% risk of failure)
Press: ? - help, Shift-Dir - straight line, f/p - hobgoblin The splash of poison reflects off an invisible shield around the hobgoblin!
The splash of poison misses you.
The hobgoblin hits you with the +2 dagger of the Burning God {protect, rPois rN+ Str-3}!
You die...

.. .# #.# #.# # #.#.#
#.#.### ###
#..######.....# #..
.....og@..# #.# #.#
#.# ....####..# #.#
#.# #.# . .. #..###.#
#.# #.#
....##......####.###.#
....'.........[.......
....##........##.###.#
... ####.#...##.###.#
.. ####.###...... .
#.# #####.#


You could see an orc priest and a hobgoblin (reflecting).

Vanquished Creatures
  An orc wizard (D:3)
  2 adders
  2 worms (D:2)
  2 dart slugs (D:1)
  2 orcs (D:3)
  8 ball pythons
  5 bats
  2 endoplasms
  7 goblins
  3 hobgoblins
  4 quokkas
  5 frilled lizards
  6 kobolds
  8 rats
57 creatures vanquished.

Notes
Turn   | Place    | Note
-------+----------+-------------------------------------------
     0 | D:1      | qw the Naga Hunter began the quest for the Orb.
     0 | D:1      | Reached XP level 1. HP: 19/19 MP: 1/1
     0 | D:1      | 0 ||| qw: Version: 0.3-a-7-ge0c9b40
     0 | D:1      | 0 ||| qw: Game counter: 854
     0 | D:1      | 0 ||| qw: Always use a shield: true
     0 | D:1      | 0 ||| qw: God list: Okawaru
     0 | D:1      | 0 ||| qw: Allow faded altars: false
     0 | D:1      | 0 ||| qw: Do Orc after D:15 true
     0 | D:1      | 0 ||| qw: Do second Lair branch before Depths: true
     0 | D:1      | 0 ||| qw: Lair rune preference: random
     0 | D:1      | 0 ||| qw: Plans: Normal
     0 | D:1      | 0 ||| PLANNING D:1-11
    27 | D:1      | 27 ||| INVOKING Spit Poison.
    38 | D:1      | 38 ||| INVOKING Spit Poison.
    49 | D:1      | 49 ||| INVOKING Spit Poison.
    52 | D:1      | 52 ||| INVOKING Spit Poison.
    57 | D:1      | 57 ||| INVOKING Spit Poison.
    62 | D:1      | Reached skill level 4 in Ranged Weapons
    62 | D:1      | Reached XP level 2. HP: 21/26 MP: 2/2
    67 | D:1      | 67 ||| INVOKING Spit Poison.
   104 | D:1      | 104 ||| INVOKING Spit Poison.
   108 | D:1      | 108 ||| INVOKING Spit Poison.
   193 | D:1      | 193 ||| INVOKING Spit Poison.
   208 | D:1      | 208 ||| DROPPING scroll of butterflies.
   210 | D:1      | 210 ||| INVOKING Spit Poison.
   276 | D:1      | 276 ||| INVOKING Spit Poison.
   291 | D:1      | 291 ||| INVOKING Spit Poison.
   390 | D:1      | 390 ||| INVOKING Spit Poison.
   458 | D:1      | 458 ||| INVOKING Spit Poison.
   478 | D:1      | 478 ||| DRINKING 2 white potions.
   480 | D:1      | 480 ||| INVOKING Spit Poison.
   481 | D:1      | Reached XP level 3. HP: 32/32 MP: 3/3
   488 | D:1      | 488 ||| INVOKING Spit Poison.
   707 | D:1      | 707 ||| INVOKING Spit Poison.
   708 | D:1      | 708 ||| INVOKING Spit Poison.
   782 | D:2      | 782 ||| INVOKING Spit Poison.
   803 | D:2      | 803 ||| INVOKING Spit Poison.
   818 | D:2      | 818 ||| INVOKING Spit Poison.
   870 | D:2      | Found a glowing golden altar of the Shining One.
   886 | D:2      | 886 ||| INVOKING Spit Poison.
   892 | D:2      | 892 ||| INVOKING Spit Poison.
   946 | D:2      | 946 ||| INVOKING Spit Poison.
   960 | D:2      | 960 ||| INVOKING Spit Poison.
  1029 | D:2      | 1029 ||| INVOKING Spit Poison.
  1034 | D:2      | 1034 ||| INVOKING Spit Poison.
  1096 | D:2      | 1096 ||| INVOKING Spit Poison.
  1100 | D:2      | 1100 ||| INVOKING Spit Poison.
  1118 | D:2      | 1118 ||| INVOKING Spit Poison.
  1121 | D:2      | Found a faded altar of an unknown god.
  1132 | D:2      | 1132 ||| INVOKING Spit Poison.
  1176 | D:2      | 1176 ||| INVOKING Spit Poison.
  1180 | D:2      | Reached skill level 5 in Ranged Weapons
  1180 | D:2      | Reached XP level 4. HP: 39/39 MP: 4/4
  1191 | D:2      | 1191 ||| INVOKING Spit Poison.
  1331 | D:2      | 1331 ||| INVOKING Spit Poison.
  1344 | D:2      | 1344 ||| INVOKING Spit Poison.
  1353 | D:2      | 1353 ||| INVOKING Spit Poison.
  1560 | D:2      | 1560 ||| INVOKING Spit Poison.
  1657 | D:2      | 1657 ||| UPGRADING to +2 ring mail of willpower.
  1667 | D:2      | 1667 ||| DROPPING +0 leather armour.
  1668 | D:2      | 1668 ||| READING scroll labelled ZOUZUGH WOUN.
  1669 | D:2      | 1669 ||| READING scroll labelled VOUGIRO NIXICH.
  1672 | D:2      | 1672 ||| READING scroll labelled NEONOI FACKAVA.
  1736 | D:3      | 1736 ||| INVOKING Spit Poison.
  1741 | D:3      | 1741 ||| INVOKING Spit Poison.
  1784 | D:3      | Identified the +0 ring mail of Noughts and Crosses {Drain
                  | Str+2 Int+3 Dex+2}
  1872 | D:3      | 1872 ||| INVOKING Spit Poison.
  1878 | D:3      | 1878 ||| INVOKING Spit Poison.
  1946 | D:3      | 1946 ||| INVOKING Spit Poison.
  1950 | D:3      | 1950 ||| INVOKING Spit Poison.
  1996 | D:3      | 1996 ||| INVOKING Spit Poison.
  2034 | D:3      | 2034 ||| INVOKING Spit Poison.
  2039 | D:3      | 2039 ||| INVOKING Spit Poison.
  2040 | D:3      | Identified the +2 dagger of the Burning God {protect, rPois
                  | rN+ Str-3}
  2045 | D:3      | Reached skill level 3 in Fighting
  2045 | D:3      | 2045 ||| INVOKING Spit Poison.
  2050 | D:3      | 2050 ||| INVOKING Spit Poison.
  2053 | D:3      | 2053 ||| INVOKING Spit Poison.
  2056 | D:3      | HP: 8/42 [hobgoblin/the +2 dagger of the Burning God
                  | {protect, rPois rN+ Str-3} (3)]
  2058 | D:3      | HP: 3/42 [hobgoblin/the +2 dagger of the Burning God
                  | {protect, rPois rN+ Str-3} (4)]
  2059 | D:3      | 2059 ||| INVOKING Spit Poison.
  2059 | D:3      | Slain by a hobgoblin

Levels and vault maps discovered:
D:1:      wander_arrival_chamber, layout_basic, serial_glass, glass_columns_c,
          glass_columns_a
D:2:      layout_loops_corners, shapermc_ecumenical_altar_notcrosses,
          basic_altar
D:3:      layout_loops_corners

Skill      XL: |  1  2  3  4 |
---------------+-------------+-----
Ranged Weapons | 4 5 |  5.0
Fighting       | 3 |  3.2
Dodging        | |  1.5
Stealth        | |  1.5

Action                     |  1- 3 |  4- 6 || total
---------------------------+-------+-------++-------
   Fire: Shortbow          |    62 |    40 ||   102
Ability: Spit Poison       |    31 |    18 ||    49
    Use: Potion            |     1 |       ||     1
         Scroll            |       |     3 ||     3
 Armour: Leather armour    |     6 |       ||     6
         Ring mail         |       |    13 ||    13
  Dodge: Dodged            |    15 |    14 ||    29

Table legend:
 A = Non-vault XP
 B = Vault XP
 C = Vault XP percentage of total XP
 D = Non-vault monster count
 E = Vault monster count
 F = Vault count percentage of total count
                 A         B        C        D         E       F
            +---------+---------+-------+---------+---------+-------
      Total |     162 |       0 |   0.0 |      57 |       0 |   0.0
            +---------+---------+-------+---------+---------+-------
        D:1 |      43 |       0 |   0.0 |      23 |       0 |   0.0
        D:2 |      54 |       0 |   0.0 |      23 |       0 |   0.0
        D:3 |      65 |       0 |   0.0 |      11 |       0 |   0.0
            +---------+---------+-------+---------+---------+-------
